 Dungeon Crawl Stone Soup version 0.22-a0-567-gff9aefc (webtiles) character file.

117 vierth the Covered (level 4, -9/40 HPs)
             Began as a Minotaur Fighter on June 29, 2018.
             Killed by divine providence
             ... invoked by an orc priest
              (13 damage)
             ... on level 3 of the Dungeon.
             The game lasted 00:04:14 (1769 turns).

vierth the Covered (Minotaur Fighter)               Turns: 1769, Time: 00:04:15

Health: -9/40      AC:  9    Str: 22    XL:     4   Next: 71%
Magic:  3/3        EV:  5    Int:  5    God:
Gold:   172        SH:  9    Dex:  9    Spells: 3/3 levels left

rFire    . . .     SeeInvis .   a - +0 war axe
rCold    . . .     Gourm    .   c - +0 shield
rNeg     . . .     Faith    .   g - +0 chain mail
rPois    .         Spirit   .   (helmet restricted)
rElec    .         Reflect  .   (no cloak)
rCorr    .         Harm     .   (no gloves)
MR       .....                  (no boots)
Stlth    ..........             (no amulet)
HPRegen  0.13/turn              (no ring)
MPRegen  0.08/turn              (no ring)

@: no status effects
A: retaliatory headbutt, horns 2
a: no special abilities


You were on level 3 of the Dungeon.
You were not hungry.

You visited 1 branch of the dungeon, and saw 3 of its levels.

You collected 172 gold pieces.

Inventory:

Hand Weapons
 a - a +0 war axe (weapon)
Armour
 c - a +0 shield (worn)
 g - a +0 chain mail (worn)
Scrolls
 i - a scroll of amnesia
 k - a scroll of identify
 l - 2 scrolls of remove curse {unknown}
 m - a scroll of enchant armour {unknown}
 n - a scroll of immolation {unknown}
Potions
 b - a potion of lignification
 d - a potion of might
 e - 2 potions of curing {unknown}
 h - a potion of degeneration {unknown}
 j - a potion of mutation {unknown}
 o - a potion of flight {unknown}
 p - a potion of berserk rage {unknown}
Comestibles
 f - 3 rations


   Skills:
 + Level 4.1 Fighting
 + Level 4.3 Axes
 + Level 4.5 Armour
 + Level 4.3 Shields


You had 3 spell levels left.
You didn't know any spells.
Your spell library was empty.

Dungeon Overview and Level Annotations

Branches:
Dungeon (3/15)

Altars:
Elyvilon
Fedhas
Gozag
Okawaru
Sif Muna
Xom


Innate Abilities, Weirdness & Mutations

You reflexively headbutt those who attack you in melee.
You have a pair of horns on your head.


Message History

You closely miss the orc. Your headbutt misses the orc.
The orc is almost dead.
The orc hits you but does no damage.
The orc hits you from afar with a trident.
* * * LOW HITPOINT WARNING * * *
The orc hits you but does no damage.
The orc hits you from afar with a trident.
* * * LOW HITPOINT WARNING * * *
You hit the orc.
You kill the orc!
The orc barely misses you.
You barely miss the orc priest. The orc priest barely misses you.
You furiously retaliate!
You headbutt the orc priest.
The orc hits you from afar with a trident.
* * * LOW HITPOINT WARNING * * *
You hit the orc priest. You headbutt the orc priest.
The orc priest is severely wounded.
The orc priest calls down the wrath of Beogh upon you.
Beogh smites you!
You die...

#### #..# #@# . #o## .o
#o.## ...########### ##..##
....?...o..o.#####)(#####.#
.......((....oooo..(......#
......)(((..o#######..###..
...........)...### #?#
.............#...## .#


You could see an orc priest and an orc.

Vanquished Creatures
  An orc wizard (D:3)
  2 adders
  2 oozes
  A worm (D:2)
  3 dart slugs
  9 orcs (D:3)
  3 bats
  10 goblins
  4 hobgoblins
  5 kobolds
  2 quokkas (D:2)
  A frilled lizard (D:2)
  A rat (D:1)
44 creatures vanquished.

Notes
Turn   | Place    | Note
-------+----------+-------------------------------------------
     0 | D:1      | vierth the Minotaur Fighter began the quest for the Orb.
     0 | D:1      | Reached XP level 1. HP: 19/19 MP: 0/0
    64 | D:1      | Reached XP level 2. HP: 13/27 MP: 1/1
   616 | D:1      | Found an ornate altar of the Wu Jian Council.
   618 | D:1      | Found a shimmering altar of Xom.
   618 | D:1      | Found an iron altar of Okawaru.
   625 | D:1      | Found a blossoming altar of Fedhas.
   625 | D:1      | Found a deep blue altar of Sif Muna.
   625 | D:1      | Found a shimmering altar of Xom.
   811 | D:2      | Found an opulent altar of Gozag.
   811 | D:2      | Found a white marble altar of Elyvilon.
   850 | D:2      | Reached XP level 3. HP: 29/33 MP: 2/2
  1720 | D:3      | Reached XP level 4. HP: 37/40 MP: 3/3
  1769 | D:3      | Killed from afar by an orc priest

Vault maps used:
D:1:      erik_arrival_triangle_large, doesnt_xom_only_xom
D:2:      amethyst_overflow_temple_binary
D:3:      serial_curves, eino_curves_03, eino_curves_02, grunt_ministairs_12,
          dk_yredelemnul_ordeal, uniq_grinder

Skill      XL: |  1  2  3 |
---------------+----------+-----
Armour         | 4 |  4.5
Axes           | 3 4 |  4.3
Shields        | 4 |  4.3
Fighting       | 4 |  4.1

Action                   |  1- 3 |  4- 6 || total
-------------------------+-------+-------++-------
Melee: War axe           |    71 |    28 ||    99
       Headbutt          |     8 |     4 ||    12
  Use: Scroll            |     2 |       ||     2
  Eat: Ration            |     1 |       ||     1
Armor: Scale mail        |     6 |       ||     6
       Chain mail        |    27 |    15 ||    42
Dodge: Dodged            |    18 |    10 ||    28
Block: Shield            |    27 |    28 ||    55

Table legend:
 A = Spawn XP
 B = Non-spawn XP
 C = Spawn XP percentage of total XP
 D = Spawn monster count
 E = Non-spawn monster count
 F = Spawn count percentage of total count
 G = Total turns spent on level
                    A         B        C        D         E        F      G
               +---------+---------+-------+---------+---------+-------+---------
         Total |       0 |     168 |   0.0 |       0 |      44 |   0.0 |  1769
               +---------+---------+-------+---------+---------+-------+---------
           D:1 |       0 |      32 |   0.0 |       0 |      14 |   0.0 |   678
           D:2 |       0 |      40 |   0.0 |       0 |      13 |   0.0 |  1009
           D:3 |       0 |      96 |   0.0 |       0 |      17 |   0.0 |    82
               +---------+---------+-------+---------+---------+-------+---------
